 Dungeon Crawl Stone Soup version 0.21.1-1-g345015f (webtiles) character file.

3477 wojtek the Cleaver (level 9, -6/79 HPs)
             Began as a Minotaur Fighter on July 27, 2018.
             Was a Follower of Makhleb.
             Mangled by a death yak (13 damage)
             ... on level 7 of the Dungeon.
             The game lasted 00:06:42 (5894 turns).

wojtek the Cleaver (Minotaur Fighter)               Turns: 5894, Time: 00:06:43

Health: -6/79      AC: 16    Str: 25    XL:     9   Next: 79%
Magic:  10/10      EV: 11    Int:  5    God:    Makhleb [*.....]
Gold:   321        SH: 11    Dex:  9    Spells: 8/8 levels left

rFire    . . .     SeeInvis .   a - +0 war axe
rCold    + . .     Gourm    .   c - +0 shield
rNeg     . . .     Faith    .   p - quicksilver dragon scales
rPois    .         Spirit   .   (helmet restricted)
rElec    .         Reflect  .   m - +0 cloak
rCorr    .         Harm     .   E - +2 pair of gloves
MR       +....                  (no boots)
Stlth    ..........             A - amulet of regeneration
HPRegen  0.63/turn              j - ring of protection from cold
MPRegen  0.12/turn              (no ring)

@: drained
A: retaliatory headbutt, horns 2
a: Renounce Religion


You were on level 7 of the Dungeon.
You worshipped Makhleb.
Makhleb was aware of your devotion.
You were hungry.

You visited 2 branches of the dungeon, and saw 9 of its levels.

You collected 321 gold pieces.

Inventory:

Hand Weapons
 a - a +0 war axe (weapon)
 x - a +2 battleaxe of electrocution
 K - the +10 hand crossbow of Malaise {speed, rPois Int+5 Dex-4, unknown}
   (You found it on level 7 of the Dungeon)

   Attacks with this weapon are significantly faster.
   It affects your intelligence (+5).
   It affects your dexterity (-4).
   It protects you from poison.
Armour
 b - a +0 scale mail
 c - a +0 shield (worn)
 m - a +0 cloak (worn)
 p - quicksilver dragon scales (worn)
 y - a +0 chain mail
 E - a +2 pair of gloves (worn)
Jewellery
 j - a ring of protection from cold (left hand)
 t - an uncursed ring of ice
 A - an amulet of regeneration (around neck)
 G - an uncursed amulet of faith {unknown}
Wands
 C - a wand of random effects (1)
 F - a wand of iceblast (9)
 L - a wand of flame (46)
Scrolls
 e - 6 scrolls of remove curse {unknown}
 i - a scroll of immolation {unknown}
 k - 9 scrolls of identify {unknown}
 n - a scroll of fear {unknown}
 o - 2 scrolls of enchant weapon {unknown}
 q - 3 scrolls of blinking {unknown}
 u - 2 scrolls of amnesia {unknown}
 J - 2 scrolls of torment {unknown}
Potions
 d - 3 potions of might
 g - 2 potions of degeneration {unknown}
 h - a potion of magic {unknown}
 r - a potion of agility {unknown}
 s - 2 potions of brilliance {unknown}
 v - 5 potions of curing {unknown}
 w - a potion of haste {unknown}
 z - 3 potions of heal wounds {unknown}
 B - 2 potions of invisibility
 D - 2 potions of ambrosia {unknown}
 I - a potion of cancellation {unknown}
Books
 H - a book of Changes

   Spells                             Type                      Level
   a - Beastly Appendage              Transmutation                1
   b - Sticks to Snakes               Transmutation                2
   c - Spider Form                    Transmutation/Poison         3
   d - Ice Form                       Ice/Transmutation            4
   e - Blade Hands                    Transmutation                5
Comestibles
 f - 14 rations


   Skills:
 + Level 7.2(6.8) Fighting
 + Level 9.8(9.5) Axes
 + Level 7.1(6.8) Armour
 + Level 5.4(5.1) Dodging
 + Level 7.1(6.8) Shields
 * Level 3.6(3.3) Invocations
 + Level 2.8(2.5) Evocations


You had 8 spell levels left.
You didn't know any spells.

Dungeon Overview and Level Annotations

Branches:
Dungeon (8/15)             Temple (1/1) D:6            Lair (0/6) D:8

Altars:
Ashenzari
Cheibriados
Elyvilon
Fedhas
Gozag
Hepliaklqana
Kikubaaqudgha
Makhleb
Nemelex Xobeh
Okawaru
Qazlal
Ru
Sif Muna
Trog
Uskayaw
Vehumet
Wu Jian
Xom
Yredelemnul
Zin
The Shining One


Innate Abilities, Weirdness & Mutations

You reflexively headbutt those who attack you in melee.
You have a pair of horns on your head.


Message History

You barely miss something. Something gores you but does no damage.
Something gores you.
You closely miss something. Something gores you! You block something's attack.
Something gores you but does no damage. Something gores you!
You block something's attack. Something gores you but does no damage.
There is an open door here.
Something is blocking the doorway!
Something gores you!
* * * LOW HITPOINT WARNING * * *
Something gores you.
* * * LOW HITPOINT WARNING * * *
Something gores you.
* * * LOW HITPOINT WARNING * * *
Something gores you.
* * * LOW HITPOINT WARNING * * *
Something gores you!
* * * LOW HITPOINT WARNING * * *
Something gores you!
You die...

##....##....#...##.#.......#.####
.......#....#...##.#.##.##.#.#
##.....'...##...##.#.#...#.#.###
##.....#...##.........._.......#
##....##....#....#.#.#...#.#.#.#
########...##....#.#.##.##.#.#.##
......##'####....#.#.......#.#...
......#..........#.####.####.#...
......#.........@#...).......#...
......#..........######.######...
......#.............#............
##.<.###..###....##.##....#######
##...###'####....#####....####...
......'...(#......#..............
......#....+......#....))).......
).....#....#......#......).......
####'##..#######'####.....###....


There were no monsters in sight!

Vanquished Creatures
  The ghost of Jaiteiro the Cudgeler, a novice GrFi of Okawaru (D:5)
  A hornet (D:7)
  Sigmund (D:2)
  A hungry ghost (D:7)
  Duvessa (D:4)
  An ice beast (D:6)
  3 orc warriors
  2 sky beasts
  A phantom (D:4)
  2 ogres
  A necrophage (D:6)
  The ghost of spiff the Skirmisher, an amateur DsMo of Hepliaklqana (D:3)
  A centaur (D:6)
  2 bullfrogs
  Dowan (D:4)
  3 scorpions
  8 wights
  3 jellies
  3 orc priests
  4 orc wizards
  3 hounds
  Crazy Yiuf (D:2)
  A gnoll shaman (D:5)
  Ijyb (D:4)
  2 iguanas (D:7)
  4 worker ants
  A worker ant zombie (D:8)
  5 gnolls (D:5)
  7 adders
  A shadow imp (D:5)
  8 oozes (D:4)
  2 adder skeletons
  4 worms
  4 dart slugs
  7 leopard geckos
  20 orcs
  10 giant cockroaches
  5 goblins
  6 hobgoblins
  6 jackals (D:2)
  16 kobolds
  4 quokkas
  A ball python (D:3)
  14 bats
  3 frilled lizards
  6 rats
183 creatures vanquished.

Vanquished Creatures (others)
  A fungus (D:4)
  5 toadstools (D:4)
6 creatures vanquished.

Grand Total: 189 creatures vanquished

Notes
Turn   | Place    | Note
-------+----------+-------------------------------------------
     0 | D:1      | wojtek the Minotaur Fighter began the quest for the Orb.
     0 | D:1      | Reached XP level 1. HP: 19/19 MP: 0/0
   273 | D:1      | Reached skill level 3 in Axes
   319 | D:1      | Reached XP level 2. HP: 25/26 MP: 1/1
   649 | D:1      | Reached skill level 4 in Axes
   841 | D:2      | Reached XP level 3. HP: 28/31 MP: 2/2
  1302 | D:2      | Reached skill level 5 in Axes
  1302 | D:2      | Reached XP level 4. HP: 27/39 MP: 3/3
  1490 | D:2      | Noticed Sigmund
  1496 | D:2      | Killed Sigmund
  1496 | D:2      | Reached skill level 7 in Axes
  1496 | D:2      | Reached XP level 5. HP: 33/45 MP: 4/4
  1841 | D:2      | Reached XP level 6. HP: 51/51 MP: 5/5
  1968 | D:2      | Found a runed door.
  2126 | D:2      | Noticed Crazy Yiuf
  2131 | D:2      | Killed Crazy Yiuf
  2558 | D:3      | Noticed spiff's ghost (amateur DsMo)
  2563 | D:3      | Killed spiff's ghost
  2563 | D:3      | Reached skill level 1 in Dodging
  2914 | D:4      | Reached skill level 8 in Axes
  2914 | D:4      | Reached XP level 7. HP: 53/60 MP: 6/6
  2999 | D:4      | Noticed Dowan
  3000 | D:4      | Noticed Duvessa
  3014 | D:4      | Killed Duvessa
  3017 | D:4      | Killed Dowan
  3017 | D:4      | Reached skill level 5 in Fighting
  3017 | D:4      | Reached skill level 5 in Shields
  3231 | D:4      | Reached skill level 5 in Armour
  3244 | D:4      | Noticed Ijyb
  3275 | D:4      | Killed Ijyb
  3283 | D:4      | Reached XP level 8. HP: 68/68 MP: 7/7
  3706 | D:5      | Entered Level 5 of the Dungeon
  3707 | D:5      | Found a radiant altar of Vehumet.
  3848 | D:5      | Noticed Jaiteiro's ghost (novice GrFi)
  3883 | D:5      | Killed Jaiteiro's ghost
  3883 | D:5      | Reached skill level 9 in Axes
  4221 | D:6      | Reached skill level 1 in Evocations
  4457 | D:6      | Reached XP level 9. HP: 77/78 MP: 9/9
  4464 | D:6      | Found a staircase to the Ecumenical Temple.
  4611 | Temple   | Entered the Ecumenical Temple
  4812 | Temple   | Became a worshipper of Makhleb the Destroyer
  4880 | D:6      | Reached skill level 1 in Invocations
  5178 | D:7      | Reached skill level 5 in Dodging
  5230 | D:7      | Found a sacrificial altar of Ru.
  5286 | D:7      | Paralysed by a hornet for 1 turns
  5417 | D:7      | Reached * piety under Makhleb
  5494 | D:7      | Got a crystal hand crossbow
  5849 | D:8      | Noticed a death yak
  5851 | D:8      | Found a staircase to the Lair.
  5866 | D:8      | Noticed a death yak
  5867 | D:8      | Noticed a death yak
  5894 | D:7      | Mangled by a death yak

Skill      XL: |  1  2  3  4  5  6  7  8  9 |
---------------+----------------------------+-----
Axes           | 3 4 5 7 8 9 |  9.8
Fighting       | 4 5 6 7 |  7.2
Dodging        | 2 3 4 5 |  5.4
Shields        | 4 5 6 7 |  7.1
Armour         | 4 5 6 7 |  7.1
Evocations     | 1 2 |  2.8
Invocations    | 3 |  3.6

Action                   |  1- 3 |  4- 6 |  7- 9 || total
-------------------------+-------+-------+-------++-------
Melee: War axe           |    73 |    88 |   318 ||   479
       Headbutt          |     6 |    13 |    67 ||    86
Evoke: Wand              |       |       |     9 ||     9
  Eat: Chunk             |     1 |     5 |    12 ||    18
Armor: Scale mail        |    24 |       |       ||    24
       Quicksilver drago |    12 |    30 |   152 ||   194
Dodge: Dodged            |    28 |    28 |   118 ||   174
Block: Shield            |    49 |    41 |   186 ||   276
